 Dungeon Crawl Stone Soup version 0.31-a0-358-gac0dbeb3ab (webtiles) character file.

Game seed: 16199220930353878825

104 Maratek the Covered (level 5, -2/41 HPs)
             Began as a Human Fighter on July 25, 2023.
             Slain by an orc priest
             ... wielding a +0 dagger
              (5 damage)
             ... on level 3 of the Dungeon.
             The game lasted 00:03:34 (1910 turns).

Maratek the Covered (Human Fighter)                 Turns: 1910, Time: 00:03:35

Health: -2/41      AC:  8    Str: 16    XL:     5   Next: 7%
Magic:  5/5        EV:  9    Int: 10    God:
Gold:   155        SH:  4    Dex: 13    Spells: 4/4 levels left

rFire   . . .        a - +0 long sword
rCold   . . .        c - +0 buckler
rNeg    . . .        b - +0 scale mail
rPois   .            (no helmet)
rElec   .            (no cloak)
rCorr   .            k - +0 pair of gloves
SInv    .            (no boots)
Will    .....        (no amulet) Stlth
                     (no ring)
HPRegen 0.26/turn    (no ring)
MPRegen 0.09/turn

%: no passive effects
@: mighty
A: no striking features
a: no special abilities


You were on level 3 of the Dungeon.
You visited 1 branch of the dungeon, and saw 3 of its levels.

You collected 155 gold pieces.

Inventory:

Hand Weapons
 a - a +0 long sword (weapon)
Armour
 b - a +0 scale mail (worn)
 c - a +0 buckler (worn)
 k - a +0 pair of gloves (worn)
Scrolls
 e - a scroll of vulnerability {unknown}
 i - 3 scrolls of identify {unknown}
 l - a scroll of fog {unknown}
 m - a scroll of revelation {unknown}
 p - 2 scrolls of teleportation {unknown}
Potions
 f - 2 potions of mutation {unknown}
 g - 3 potions of curing {unknown}
 h - 3 potions of degeneration {unknown}
 j - a potion of haste {unknown}
 n - 2 potions of lignification {unknown}
 o - a potion of ambrosia {unknown}
 q - a potion of invisibility {unknown}
 r - a potion of berserk rage {unknown}


   Skills:
 + Level 3.4 Fighting
 + Level 3.4 Long Blades
 + Level 3.7 Armour
 + Level 0.2 Dodging
 + Level 0.1 Stealth
 + Level 3.3 Shields


You had 4 spell levels left.
You didn't know any spells.
Your spell library was empty.

Dungeon Overview and Level Annotations

Branches:
Dungeon (3/15)

Altars:

Shops:
D:1 (


Message History

You closely miss the orc. The orc completely misses you.
The orc closely misses you.
You slash the orc!
You kill the orc!
The adder bites you but does no damage.
An orc wizard comes into view. It is wielding a +0 dagger.
You hit the adder.
The adder is severely wounded.
The adder closely misses you. You block the orc's attack.
The orc wizard casts a spell.
The orc wizard flickers and vanishes!
Deactivating autopickup; reactivate with Ctrl-A.
The adder completely misses you.
You feel very mighty all of a sudden. The orc barely misses you.
The adder bites you.
You slash the adder!
You kill the adder!
You block the orc's attack. The orc closely misses you.
You have reached level 5!
You closely miss the orc. You block the orc's attack.
You hit the orc.
The orc is heavily wounded.
The orc priest calls down the wrath of Beogh upon you.
Beogh smites you!
* * * LOW HITPOINT WARNING * * *
You block the orc's attack.
You slash the orc!
You kill the orc!
You closely miss the orc priest. The orc priest closely misses you.
The orc priest mumbles some strange prayers to Beogh against you.
Pain shoots through your body!
* * * LOW HITPOINT WARNING * * *
The orc hits you but does no damage.
You closely miss the orc priest. The orc hits you but does no damage.
The orc priest completely misses you.
You slash the orc priest!
The orc priest is almost dead.
The orc barely misses you.
The orc priest hits you with a +0 dagger.
You die...

#.#### #....?$.#
#.# #.......# #.#
#.......# #.#
#........
##.######.......#
#......##.......#
#..###.##.o..oo.#
#..###.##o##.##.#
#....#.##@##.#
#.##.........#
#......##.####
#########...
#####


You could see an orc priest and an orc.

Vanquished Creatures
  6 adders
  2 worms
  A dart slug (D:2)
  3 orcs (D:3)
  2 bats
  6 endoplasms
  2 giant cockroaches (D:1)
  A goblin (D:2)
  A hobgoblin (D:2)
  2 jackals (D:1)
  2 quokkas (D:1)
  4 ball pythons
  2 frilled lizards
  3 kobolds
  4 rats
41 creatures vanquished.

Notes
Turn   | Place    | Note
-------+----------+-------------------------------------------
     0 | D:1      | Maratek the Human Fighter began the quest for the Orb.
     0 | D:1      | Reached XP level 1. HP: 18/18 MP: 1/1
    63 | D:1      | Found Luskeunk's Weapon Boutique.
   257 | D:1      | Reached XP level 2. HP: 22/24 MP: 2/2
   720 | D:2      | Reached XP level 3. HP: 22/29 MP: 3/3
   972 | D:2      | Reached XP level 4. HP: 22/35 MP: 4/4
  1905 | D:3      | Reached XP level 5. HP: 21/41 MP: 5/5
  1908 | D:3      | HP: 2/41 [orc priest/nerve-wracking pain (5)]
  1910 | D:3      | Slain by an orc priest

Illustrated notes

Levels and vault maps discovered:
D:1:      dpeg_arrival_pond, layout_loops_ring, serial_shops, shop
D:2:      layout_loops_ring, kennysheep_generic_room_4
D:3:      layout_loops_cross, marbit_many_paths,
          nicolae_concentric_dashed_squares_wild

Skill      XL: |  1  2  3  4 |
---------------+-------------+-----
Long Blades    | 3 |  3.4
Fighting       | |  3.4
Armour         | |  3.7
Dodging        | |  0.2
Stealth        | |  0.1
Shields        | |  3.3

Action                     |  1- 3 |  4- 6 || total
---------------------------+-------+-------++-------
  Melee: Long sword        |    73 |    81 ||   154
    Use: Potion            |       |     1 ||     1
 Armour: Scale mail        |    43 |    38 ||    81
  Dodge: Dodged            |    35 |    35 ||    70
  Block: Buckler           |     5 |    22 ||    27

Table legend: (Time is in decaauts)
 A = Elapsed time spent in this place.
 B = Non-inter-level travel time spent in this place.
 C = Inter-level travel time spent in this place.
 D = Time resting spent in this place.
 E = Time spent auto-exploring this place.
 F = Levels seen in this place.
 G = Mean time per level.
                   A        B        C        D        E       F      G
               +--------+--------+--------+--------+--------+-----+--------+
         Total |   1956 |   1956 |      0 |     73 |   1397 |   3 |  652.0 |
       Dungeon |   1956 |   1956 |      0 |     73 |   1397 |   3 |  652.0 |
               +--------+--------+--------+--------+--------+-----+--------+

Top non-repeatable levels by time:
     D:2: 950 daAuts
     D:1: 673 daAuts
     D:3: 332 daAuts
